 Dungeon Crawl Stone Soup version 0.28-a0-1406-ga8dd43b1d0 (webtiles) character file.

Game seed: 16299474321759093494

1326 Grim the Basher (level 8, -3/58 HPs)
             Began as a Formicid Fighter on Jan 6, 2022.
             Slain by a yak (7 damage)
             ... on level 6 of the Dungeon.
             The game lasted 00:07:00 (5466 turns).

Grim the Basher (Formicid Fighter)                  Turns: 5466, Time: 00:07:00

Health: -3/58      AC: 11    Str: 24    XL:     8   Next: 91%
Magic:  2/2        EV:  8    Int:  9    God:
Gold:   140        SH:  4    Dex: 10    Spells: 7/7 levels left

rFire   + . .      SeeInvis +   F - +11 scimitar "Ythinixtyull" {antimagic, rPois rC- Str+2}
rCold   x . .      Faith    .   c - +0 buckler
rNeg    . . .      Spirit   .   i - +0 chain mail
rPois   +          Reflect  .   (helmet unavailable)
rElec   .          Harm     .   t - scarf {+Inv}
rCorr   .          Rampage  .   (no gloves)
Will    .....                   C - +0 pair of boots
Stlth   ..........              (no amulet)
HPRegen 0.19/turn               y - ring of protection from fire
MPRegen 0.08/turn               B - ring of poison resistance

@: studying Armour
A: permanent stasis, dig shafts and tunnels, antennae 3, four strong arms
a: Dig, Shaft Self, Evoke Invisibility


You were on level 6 of the Dungeon.
You visited 1 branch of the dungeon, and saw 6 of its levels.

You collected 140 gold pieces.

Inventory:

Hand Weapons
 a - a +0 flail
 F - the +11 scimitar "Ythinixtyull" (weapon) {antimagic, rPois rC- Str+2}
   (You found it on level 5 of the Dungeon)

   It reduces the magical energy of the wielder, and disrupts the spells and
   magical abilities of those it strikes.
   Natural abilities and divine invocations are not affected.
   Str:       It affects your strength (+2).
   rC:        It makes you vulnerable to cold.
   rPois:     It protects you from poison.
Missiles
 g - 6 silver javelins
 v - 4 javelins
 x - 13 poisoned darts (quivered)
 D - 3 boomerangs
Armour
 b - a +0 scale mail
 c - a +0 buckler (worn)
 i - a +0 chain mail (worn)
 t - a scarf of invisibility (worn)
 C - a +0 pair of boots (worn)
Jewellery
 y - a ring of protection from fire (left hand)
 A - a ring of magical power
 B - a ring of poison resistance (right hand)
Wands
 d - a wand of digging (1)
Scrolls
 e - 2 scrolls of enchant armour {unknown}
 j - 4 scrolls of vulnerability {unknown}
 k - 4 scrolls of teleportation {unknown}
 l - 3 scrolls of identify {unknown}
 m - 2 scrolls of fear {unknown}
 n - a scroll of magic mapping {unknown}
 o - a scroll of enchant weapon {unknown}
 p - 2 scrolls of blinking {unknown}
 r - 2 scrolls of noise {unknown}
 E - a scroll of immolation {unknown}
Potions
 f - a potion of haste {unknown}
 h - 2 potions of mutation {unknown}
 q - 2 potions of flight {unknown}
 s - 2 potions of lignification {unknown}
 u - 3 potions of heal wounds {unknown}
 w - a potion of attraction {unknown}
 z - 2 potions of ambrosia {unknown}


   Skills:
 - Level 3.2 Fighting
 + Level 2.8 Long Blades
 - Level 9.4 Maces & Flails
 - Level 5.9 Armour
 - Level 3.6 Shields


You had 7 spell levels left.
You didn't know any spells.
Your spell library contained the following spells:

 Spells                   Type           Power      Damage    Failure   Level
 Apportation              Tloc           0%         N/A       97%         1
 Summon Small Mammal      Summ           0%         N/A       97%         1
 Corpse Rot               Necr/Air       0%         N/A       99%         2
 Poisonous Vapours        Pois/Air       0%         N/A       99%         2
 Call Canine Familiar     Summ           0%         N/A       100%        3
 Summon Guardian Golem    Hex/Summ       0%         N/A       100%        3
 Olgreb's Toxic Radiance  Pois           0%         N/A       100%        4
 Alistair's Intoxication  Tmut/Pois      0%         N/A       100%        5
 Ozocubu's Refrigeration  Ice            0%         4d5       100%        7
 Ignition                 Fire           0%         3d3       100%        8


Dungeon Overview and Level Annotations

Branches:
Dungeon (6/15)
 Temple: D:4-7

Altars:
Fedhas
Kikubaaqudgha
Nemelex Xobeh
Qazlal
Xom


Innate Abilities, Weirdness & Mutations

You cannot be hasted, slowed, berserked, paralysed or teleported.
You can dig through walls and to a lower floor.
You have a pair of large antennae on your head. (SInv)
Your four strong arms can wield two-handed weapons with a shield.


Message History

The yak is moderately wounded.
The yak gores you but does no damage.
You hit the yak.
The yak is heavily wounded.
The yak gores you. The yak gores you but does no damage.
You slash the yak!
The yak is severely wounded.
The yak gores you but does no damage. The yak gores you! The yak gores you.
You slash the yak!
You kill the yak!
The yak gores you. The yak gores you!
You slash the yak!
The yak is moderately wounded.
A killer bee zombie comes into view.
The yak gores you but does no damage.
You slash the yak!
The yak is heavily wounded.
The yak gores you!
* * * LOW HITPOINT WARNING * * *
You are too injured to fight recklessly!
The yak gores you.
* * * LOW HITPOINT WARNING * * *
The yak gores you.
* * * LOW HITPOINT WARNING * * *
You block the yak's attack.
There is an open door here.
You slash the yak!
The yak is moderately wounded.
The yak gores you.
* * * LOW HITPOINT WARNING * * *
The yak gores you!
* * * LOW HITPOINT WARNING * * *
You hit the yak.
The yak is moderately wounded.
The yak gores you!
* * * LOW HITPOINT WARNING * * *
You slash the yak!
The yak is severely wounded.
The yak gores you!
You die...

#.†# #.# ##'###
#.# #....# #.#
#....# #.# #....#
#.# ###..# #.#
##Y# #.# #######
#.###.###()...#
#..##YYY@.....+
##Y##.###Y....#
#..#..{...#### {{
##.#Y####.# {
#.Z.# #.#
##..####.#
#..#....#
#.>#.#############
####.#..#........#


You could see 4 yaks.

Vanquished Creatures
  A yak (D:6)
  Duvessa (D:4)
  An ogre (D:6)
  2 centaurs (D:5)
  A phantom (D:4)
  A gnoll sergeant (D:6)
  2 scorpions (D:5)
  Dowan (D:4)
  A howler monkey (D:5)
  2 hounds (D:5)
  A centaur zombie (D:4)
  A jelly (D:5)
  3 orc priests
  Jessica (D:3)
  A hound zombie (D:5)
  5 adders
  11 gnolls
  2 worms (D:2)
  2 dart slugs
  12 orcs
  6 ball pythons
  5 endoplasms
  3 giant cockroaches
  8 goblins
  10 hobgoblins
  A quokka (D:4)
  9 bats
  6 frilled lizards
  5 kobolds
  4 rats
109 creatures vanquished.

Vanquished Creatures (others)
  3 fungi
  2 plants (D:4)
5 creatures vanquished.

Grand Total: 114 creatures vanquished

Notes
Turn   | Place    | Note
-------+----------+-------------------------------------------
     0 | D:1      | Grim the Formicid Fighter began the quest for the Orb.
     0 | D:1      | Reached XP level 1. HP: 18/18 MP: 1/1
   138 | D:1      | Reached XP level 2. HP: 20/24 MP: 2/2
   510 | D:1      | Reached skill level 3 in Maces & Flails
   672 | D:1      | Reached XP level 3. HP: 29/29 MP: 3/3
  1310 | D:2      | Reached skill level 4 in Maces & Flails
  1310 | D:2      | Reached XP level 4. HP: 30/35 MP: 4/4
  1888 | D:3      | Noticed Jessica
  1896 | D:3      | Killed Jessica
  2016 | D:3      | Found a faded altar of an unknown god.
  2195 | D:3      | Found an ancient bone altar of Kikubaaqudgha.
  2198 | D:3      | Reached XP level 5. HP: 37/41 MP: 5/5
  2274 | D:3      | Found a shimmering altar of Xom.
  2474 | D:3      | Reached skill level 5 in Maces & Flails
  2912 | D:4      | Noticed a phantom
  2931 | D:4      | Killed a phantom
  2932 | D:4      | Reached skill level 6 in Maces & Flails
  2932 | D:4      | Reached XP level 6. HP: 26/47 MP: 6/6
  3121 | D:4      | Found a blossoming altar of Fedhas.
  3134 | D:4      | Noticed Duvessa
  3172 | D:4      | Killed Duvessa
  3184 | D:4      | Noticed Dowan
  3204 | D:4      | Killed Dowan
  3205 | D:4      | Reached skill level 7 in Maces & Flails
  3205 | D:4      | Reached XP level 7. HP: 27/52 MP: 7/7
  3708 | D:4      | Found a stormy altar of Qazlal.
  3927 | D:5      | Entered Level 5 of the Dungeon
  3961 | D:5      | Reached skill level 8 in Maces & Flails
  4173 | D:5      | Found a sparkling altar of Nemelex Xobeh.
  4259 | D:5      | Reached XP level 8. HP: 55/58 MP: 8/8
  4295 | D:5      | Identified the +11 scimitar "Ythinixtyull" {antimagic,
                  | rPois rC- Str+2}
  4614 | D:5      | Reached skill level 9 in Maces & Flails
  4989 | D:6      | Reached skill level 1 in Long Blades
  5391 | D:6      | Reached skill level 5 in Armour
  5432 | D:6      | Noticed a yak
  5432 | D:6      | Noticed a yak
  5433 | D:6      | Noticed a yak
  5433 | D:6      | Noticed a yak
  5433 | D:6      | Noticed a yak
  5440 | D:6      | Killed a yak
  5466 | D:6      | Slain by a yak

Illustrated notes

Levels and vault maps discovered:
D:1:      dpeg_arrival_pond, layout_basic
D:2:      layout_loops_ring, minmay_misc_feat_enclosed
D:3:      layout_basic, general_overflow_altar, mainiacjoe_overflow_24_doors,
          shapermc_ecumenical_altar_mp_ritualfount, uniq_jessica
D:4:      layout_loops_cross, grunt_temple_overflow_forces_of_nature,
          kennysheep_generic_room_8, uniq_duvessa
D:5:      layout_basic, nemelex_altar_shiori, grunt_ministairs_4
D:6:      layout_basic, nicolae_wu_jian_immortal_techniques,
          minmay_temple_entry_waves, uniq_pikel

Skill      XL: |  1  2  3  4  5  6  7  8 |
---------------+-------------------------+-----
Maces & Flails | 3 4 6 7 8 9 |  9.4
Long Blades    | 2 |  2.8
Armour         | 5 |  5.9
Fighting       | |  3.2
Shields        | |  3.6

Action                   |  1- 3 |  4- 6 |  7- 9 || total
-------------------------+-------+-------+-------++-------
Melee: Flail             |   116 |   122 |    66 ||   304
       Scimitar          |       |       |    53 ||    53
Throw: Dart              |       |     3 |       ||     3
 Abil: Dig               |       |     1 |       ||     1
  Use: Potion            |       |     1 |       ||     1
Armor: Scale mail        |    52 |       |       ||    52
       Chain mail        |    21 |    72 |    75 ||   168
Dodge: Dodged            |    56 |    51 |    32 ||   139
Block: Buckler           |    26 |    30 |    29 ||    85

Table legend: (Time is in decaauts)
 A = Elapsed time spent in this place.
 B = Non-inter-level travel time spent in this place.
 C = Inter-level travel time spent in this place.
 D = Time resting spent in this place.
 E = Time spent auto-exploring this place.
 F = Levels seen in this place.
 G = Mean time per level.
                   A        B        C        D        E       F      G
               +--------+--------+--------+--------+--------+-----+--------+
         Total |   5541 |   5423 |    118 |   1065 |   3444 |   6 |  923.5 |
       Dungeon |   5541 |   5423 |    118 |   1065 |   3444 |   6 |  923.5 |
               +--------+--------+--------+--------+--------+-----+--------+

Top non-repeatable levels by time:
     D:4: 1069 daAuts
     D:5: 1064 daAuts
     D:2: 1028 daAuts
     D:3: 1001 daAuts
     D:1: 882 daAuts
     D:6: 496 daAuts
